 Dungeon Crawl Stone Soup version 0.31-a0-1178-gc5c9b8f871 (webtiles) character file.

Game seed: 16879006598634695963

235 qw the Shooter (level 6, -4/37 HPs)
             Began as a Gargoyle Hunter on Dec 11, 2023.
             Killed from afar by Dowan (14 damage)
             ... with a shard of ice
             ... on level 4 of the Dungeon.
             The game lasted 00:00:54 (2326 turns).

qw the Shooter (Gargoyle Hunter)                    Turns: 2326, Time: 00:00:54

Health: -4/37      AC: 11    Str: 14    XL:     6   Next: 6%
Magic:  6/6        EV: 10    Int: 10    God:
Gold:   171        SH:  0    Dex: 15    Spells: 5/5 levels left

rFire   . . .        a - +1 shortbow
rCold   . . .        (shield currently unavailable)
rNeg    + + .        g - +0 ring mail
rPois   inf          (no helmet)
rElec   +            (no cloak)
rCorr   .            i - +0 pair of gloves
SInv    .            k - +0 pair of boots
Will    .....        (no amulet)
Stlth   +            j - ring of positive energy
HPRegen 0.26/turn    (no ring)
MPRegen 0.10/turn

%: no passive effects
@: about to teleport
A: sickness immunity, AC +4, negative energy resistance 1, electricity
resistance, torment resistance 1, petrification resistance
a: no special abilities


You were on level 4 of the Dungeon.
You visited 1 branch of the dungeon, and saw 4 of its levels.

You collected 171 gold pieces.


Innate Abilities, Weirdness & Mutations

You are immune to sickness and miasma.
Your stone body is resilient. (AC +4)
You are immune to poison.
You resist negative energy. (rN+)
You are resistant to electric shocks. (rElec)
You are resistant to unholy torment.
You are immune to petrification.


   Skills:
 + Level 3.1 Fighting
 - Level 6.6 Ranged Weapons
 - Level 1.0 Armour
 - Level 1.5 Dodging
 - Level 1.1 Stealth


You had 5 spell levels left.
You didn't know any spells.
Your spell library was empty.

Inventory:

Hand Weapons
 a - a +1 shortbow (weapon)
Armour
 g - a +0 ring mail (worn)
 i - a +0 pair of gloves (worn)
 k - a +0 pair of boots (worn)
Jewellery
 j - a ring of positive energy (left hand)
Wands
 n - a wand of paralysis (10)
Scrolls
 m - 2 scrolls of teleportation
Potions
 b - a potion of berserk rage {unknown}
 c - a potion of haste
 d - a potion of enlightenment {unknown}
 e - a potion of ambrosia {unknown}
 f - a potion of heal wounds {unknown}
 h - a potion of curing
 l - a potion of resistance

Dungeon Overview and Level Annotations

Branches:
Dungeon (4/15)
 Temple: D:4-7

Altars:

Annotations:
D:3 2 transporters, qw's ghost, weakling GrHu
D:4 Dowan


Message History

Dowan seems to find hidden reserves of power!
Dowan says, "How can I live without her?"
Dowan hits you but does no damage.
Dowan says, "Her death will not be in vain!"
Dowan closely misses you.
Your Ranged Weapons skill increases to level 6!
You have reached level 6!
You shoot an arrow. The arrow hits Dowan.
Dowan is heavily wounded.
Dowan misses you. The endoplasm closely misses you.
You shoot an arrow. The arrow closely misses Dowan.
Dowan hits you but does no damage. The endoplasm freezes you.
You are frozen.
Dowan hits you with a +0 dagger.
The endoplasm jiggles.
The endoplasm freezes you.
You are frozen.
You shoot an arrow. The arrow closely misses Dowan.
Dowan gestures at you while chanting. The shard of ice hits you!
Dowan barely misses you. The endoplasm completely misses you.
2324 ||| READING 3 scrolls of teleportation.
As you read the scroll of teleportation, it crumbles to dust.
You feel strangely unstable. Dowan barely misses you.
The endoplasm hits you but does no damage.
Dowan closely misses you.
You shoot an arrow.
The arrow hits Dowan but does no damage.
Dowan is heavily wounded.
Dowan barely misses you.
The endoplasm hits you but does no damage.
You shoot an arrow.
The arrow hits Dowan but does no damage.
Dowan is heavily wounded.
Dowan hits you but does no damage.
The endoplasm hits you but does no damage.
Dowan casts a spell at you. The shard of ice hits you!
You die...

. ... ....!##########
........J@e...##
.############..###########
##<...........
#####.......< ##....(....
#.......... #......)...
########..........
..................


You could see Dowan (fast) and an endoplasm.

Vanquished Creatures
  Duvessa (D:4)
  A hound (D:4)
  3 gnolls (D:3)
  An adder (D:3)
  3 dart slugs
  3 orcs
  6 bats
  8 endoplasms
  3 giant cockroaches
  2 goblins
  4 hobgoblins
  5 kobolds
  A quokka (D:1)
  9 ball pythons
  5 frilled lizards
  5 rats
60 creatures vanquished.

Notes
Turn   | Place    | Note
-------+----------+-------------------------------------------
     0 | D:1      | qw the Gargoyle Hunter began the quest for the Orb.
     0 | D:1      | Reached XP level 1. HP: 12/12 MP: 1/1
     0 | D:1      | 0 ||| qw: Version: 0.3-a-106-g2cfff9e
     0 | D:1      | 0 ||| qw: Game counter: 2000
     0 | D:1      | 0 ||| qw: Melee chars always use a shield: true
     0 | D:1      | 0 ||| qw: God list: Okawaru
     0 | D:1      | 0 ||| qw: Allow faded altars: false
     0 | D:1      | 0 ||| qw: Do Orc after clearing Dungeon:15 true
     0 | D:1      | 0 ||| qw: Do second Lair branch before Depths: true
     0 | D:1      | 0 ||| qw: Lair rune preference: random
     0 | D:1      | 0 ||| qw: Goals: Normal, Save, Zot:1-4, Win
     0 | D:1      | 0 ||| PLANNING D:1-11
    34 | D:1      | Found a faded altar of an unknown god.
   110 | D:1      | Reached XP level 2. HP: 17/17 MP: 2/2
   322 | D:1      | Reached XP level 3. HP: 21/21 MP: 3/3
   447 | D:1      | 447 ||| UPGRADING to +0 ring mail.
   457 | D:1      | 457 ||| DROPPING +0 leather armour.
   458 | D:1      | 458 ||| UPGRADING to +0 pair of gloves.
   463 | D:1      | 463 ||| READING scroll labelled PELEOS SIOGUAR.
   467 | D:1      | 467 ||| READING scroll labelled GYTESE ESOLU.
   568 | D:1      | 568 ||| DROPPING scroll of butterflies.
   979 | D:2      | Reached skill level 1 in Armour
   994 | D:2      | Reached skill level 5 in Ranged Weapons
  1426 | D:2      | 1426 ||| UPGRADING to ring of positive energy.
  1427 | D:2      | 1427 ||| READING scroll labelled HOTWAONOAZO.
  1427 | D:2      | 1427 ||| ENCHANTING +0 shortbow.
  1428 | D:2      | 1428 ||| READING scroll labelled HEPNIW ROUST.
  1428 | D:2      | 1428 ||| IDENTIFYING fizzy white potion
  1429 | D:2      | 1429 ||| DROPPING potion of degeneration.
  1593 | D:3      | Reached skill level 3 in Fighting
  1593 | D:3      | Reached XP level 4. HP: 14/28 MP: 4/4
  1835 | D:3      | Found a transporter.
  1846 | D:3      | Noticed qw's ghost (weakling GrHu)
  1859 | D:3      | Found a transporter.
  2153 | D:3      | 2153 ||| UPGRADING to +0 pair of boots.
  2158 | D:3      | 2158 ||| DROPPING ring of flight.
  2159 | D:3      | 2159 ||| READING scroll of identify.
  2159 | D:3      | 2159 ||| IDENTIFYING red potion
  2160 | D:3      | 2160 ||| DRINKING 2 puce potions.
  2161 | D:3      | 2161 ||| DRINKING 2 sedimented puce potions.
  2222 | D:4      | Reached XP level 5. HP: 19/32 MP: 5/5
  2299 | D:4      | Noticed Duvessa
  2299 | D:4      | Noticed Dowan
  2307 | D:4      | 2307 ||| Stepping ~*~*~tactically~*~*~ (retreating).
  2308 | D:4      | 2308 ||| Stepping ~*~*~tactically~*~*~ (retreating).
  2320 | D:4      | Killed Duvessa
  2321 | D:4      | Reached skill level 6 in Ranged Weapons
  2321 | D:4      | Reached XP level 6. HP: 24/37 MP: 6/6
  2323 | D:4      | HP: 9/37 [Dowan/shard of ice (9)]
  2324 | D:4      | 2324 ||| READING 3 scrolls of teleportation.
  2326 | D:4      | Killed from afar by Dowan

Levels and vault maps discovered:
D:1:      minmay_arrival_arboretum_small, layout_rooms,
          dreamdust_ecumenical_altar_hidden_monk_grotto
D:2:      layout_basic
D:3:      layout_basic, gammafunk_ghost_stat_death, minmay_pentangle
D:4:      layout_rooms, uniq_duvessa

Skill      XL: |  1  2  3  4  5 |
---------------+----------------+-----
Armour         | 1 |  1.0
Ranged Weapons | 5 6 |  6.6
Fighting       | 3 |  3.1
Dodging        | |  1.5
Stealth        | |  1.1

Action                     |  1- 3 |  4- 6 || total
---------------------------+-------+-------++-------
   Fire: Shortbow          |   110 |    89 ||   199
    Use: Scroll            |     4 |     2 ||     6
         Potion            |       |     2 ||     2
 Armour: Leather armour    |     5 |       ||     5
         Ring mail         |    21 |    66 ||    87
  Dodge: Dodged            |    27 |    47 ||    74

Table legend:
 A = Non-vault XP
 B = Vault XP
 C = Vault XP percentage of total XP
 D = Non-vault monster count
 E = Vault monster count
 F = Vault count percentage of total count
                 A         B        C        D         E       F
            +---------+---------+-------+---------+---------+-------
      Total |     173 |     164 |  48.7 |      47 |      13 |  21.7
            +---------+---------+-------+---------+---------+-------
        D:1 |      37 |       0 |   0.0 |      19 |       0 |   0.0
        D:2 |      21 |       0 |   0.0 |      13 |       0 |   0.0
        D:3 |      67 |      22 |  24.7 |      11 |      12 |  52.2
        D:4 |      48 |     142 |  74.7 |       4 |       1 |  20.0
            +---------+---------+-------+---------+---------+-------
